 Dungeon Crawl Stone Soup version 0.29-a0-664-gff9cad4a3d (webtiles) character file.

Game seed: 5808373074477843896

4 happo123 the Conjurer (level 1, 0/10 HPs)
             Began as a Gargoyle Conjurer on June 23, 2022.
             Slain by a bat (1 damage)
             ... on level 1 of the Dungeon.
             The game lasted 00:01:14 (112 turns).

happo123 the Conjurer (Gargoyle Conjurer)            Turns: 112, Time: 00:01:15

Health: 0/10       AC:  4    Str: 10    XL:     1   Next: 60%
Magic:  1/3        EV: 26    Int: 18    God:
Gold:   5          SH:  0    Dex:  8    Spells: 3/4 levels left

rFire   . . .      SeeInvis .   c - +0 mace
rCold   . . .      Faith    .   (no shield)
rNeg    + . .      Spirit   .   a - +0 robe
rPois   ∞          Reflect  .   (no helmet)
rElec   +          Harm     .   (no cloak)
rCorr   .          Rampage  .   (no gloves)
Will    .....                   (no boots)
Stlth   ++........              d - amulet of the acrobat
HPRegen 0.03/turn               (no ring)
MPRegen 0.08/turn               (no ring)

@: acrobatic
A: sickness immunity, AC +2, negative energy resistance 1, electricity
resistance, torment resistance 1, petrification resistance
a: no special abilities


You were on level 1 of the Dungeon.
You visited 1 branch of the dungeon, and saw 1 of its levels.

You collected 5 gold pieces.

Inventory:

Hand Weapons
 c - a +0 mace (weapon)
Armour
 a - a +0 robe (worn)
Jewellery
 d - an amulet of the acrobat (around neck)
Scrolls
 e - a scroll of enchant weapon {unknown}
Potions
 b - a potion of magic


   Skills:
 + Level 0.1 Fighting
 + Level 0.2 Armour
 + Level 1.6 Dodging
 + Level 2.2 Stealth
 * Level 2.0 Spellcasting
 * Level 4.4 Conjurations
 + Level 0.1 Hexes


You had 3 spell levels left.
You knew the following spells:

 Your Spells              Type           Power      Damage    Failure   Level
a - Magic Dart            Conj           68%        1d6       3%          1

Your spell library contained the following spells:

 Spells                   Type           Power      Damage    Failure   Level
 Searing Ray              Conj           34%        2d5       4%          2
 Dazzling Flash           Conj/Hex       20%        N/A       22%         3
 Fulminant Prism          Conj/Hex       5%         3d7       56%         4
 Iskenderun's Mystic Bla  Conj/Tloc      9%         2d4       58%         4


Dungeon Overview and Level Annotations

Branches:
Dungeon (1/15)

Altars:


Innate Abilities, Weirdness & Mutations

You are immune to sickness and miasma.
Your stone body is resilient. (AC +2)
You are immune to poison.
You resist negative energy. (rN+)
You are resistant to electric shocks. (rElec)
You are resistant to unholy torment.
You are immune to petrification.


Message History

The endoplasm is almost dead.
The endoplasm hits you but does no damage.
The hobgoblin hits you but does no damage.
You thump the endoplasm!
You kill the endoplasm!
The bat hits you but does no damage.
The hobgoblin hits you but does no damage.
Aiming: Magic Dart (safe; 3% risk of failure)
Press: ? - help, Q - select action Shift-Dir - straight line, f - hobgoblin
Aim: a hobgoblin (100% to hit)
You miscast Magic Dart.
You are very lightly contaminated with residual magic.
Nothing appears to happen.
The hobgoblin hits you. The bat closely misses you.
You completely miss the hobgoblin. The bat barely misses you.
The hobgoblin hits you. The hobgoblin barely misses you.
You closely miss the hobgoblin. The bat hits you but does no damage.
The hobgoblin hits you.
* * * LOW HITPOINT WARNING * * *
You hit the hobgoblin.
The hobgoblin is moderately wounded.
The bat hits you but does no damage. x2; The hobgoblin barely misses you.
The hobgoblin hits you.
* * * LOW HITPOINT WARNING * * *
The hobgoblin attacks as you move away! The hobgoblin closely misses you.
The bat barely misses you. The bat attacks as you move away!
The bat misses you. The bat closely misses you.
Your magical contamination has completely faded away.
The bat completely misses you. The hobgoblin attacks as you move away!
The hobgoblin misses you. The bat hits you but does no damage.
The bat completely misses you. The hobgoblin attacks as you move away!
The hobgoblin misses you. The bat misses you. The bat attacks as you move away!
The bat completely misses you. x2
The bat attacks as you move away! The bat barely misses you.
The bat completely misses you. The bat hits you.
You die...

#..# #..##.##.<.# #
#..# #..##.##..(# #..#
#...#..##'##..# .
#..####..##.......# ..
#...# #...#########...
#...# ##....#####....#
#..g## ##...........#
#....## ###.......#
#...b@########.####
#........#####'#####..
#.............[.......
#..[..........########
###############


You could see a hobgoblin and a bat.

Vanquished Creatures
  An endoplasm (D:1)
  A giant cockroach (D:1)
  A goblin (D:1)
3 creatures vanquished.

Notes
Turn   | Place    | Note
-------+----------+-------------------------------------------
     0 | D:1      | happo123 the Gargoyle Conjurer began the quest for the Orb.
     0 | D:1      | Reached XP level 1. HP: 10/10 MP: 3/3
   112 | D:1      | Slain by a bat

Illustrated notes

Levels and vault maps discovered:
D:1:      dpeg_arrival_concentric_ovals, layout_basic, serial_shops,
          nicolae_shop_crystal, minmay_tetromino_s2

Action                   || total
-------------------------++-------
Melee: Mace              ||     9
 Cast: Magic Dart        ||     5
Armor: Robe              ||    13
Dodge: Dodged            ||    32

Table legend: (Time is in decaauts)
 A = Elapsed time spent in this place.
 B = Non-inter-level travel time spent in this place.
 C = Inter-level travel time spent in this place.
 D = Time resting spent in this place.
 E = Time spent auto-exploring this place.
 F = Levels seen in this place.
 G = Mean time per level.
                   A        B        C        D        E       F      G
               +--------+--------+--------+--------+--------+-----+--------+
         Total |    115 |     95 |     20 |      0 |     48 |   1 |  115.0 |
       Dungeon |    115 |     95 |     20 |      0 |     48 |   1 |  115.0 |
               +--------+--------+--------+--------+--------+-----+--------+

Top non-repeatable levels by time:
     D:1: 115 daAuts
